 Dungeon Crawl Stone Soup version 0.32-a0-931-g5a2cda0630 (webtiles) character file.

Game seed: 7553461651327647486

3420713 Zaelin the Ex Machina (level 27, 219/219 HPs)
             Began as a Coglin Artificer on Apr 10, 2024.
             Was the Champion of Jiyva.
             Escaped with the Orb
             ... and 5 runes
             ... and 1 gem on Apr 14, 2024!
             The game lasted 08:22:48 (64712 turns).

Zaelin the Ex Machina (Coglin Artificer)           Turns: 64712, Time: 08:22:49

Health: 219/219    AC: 50    Str: 22    XL:     27
Magic:  7/7        EV:  7    Int: 14    God:    Jiyva [******]
Gold:   3996       SH:  0    Dex: 16    Spells: 26/26 levels left

rFire   + + .        h - +5 demon whip "Spellbinder" {antimagic, disrupt, Will+}
rCold   + + +        q - +9 morningstar (holy) {Surjit}
rNeg    . . .        U - +8 gold dragon scales
rPois   +            (helmet unavailable)
rElec   .            L - scarf {rC+ rF+}
rCorr   +            X - +3 pair of gauntlets of War {Slay+5}
SInv    .            F - +0 pair of boots of the Rhinotaur {rF+}
Will    +++..        (amulet unavailable) Stlth
                     (ring unavailable)
HPRegen 2.96/turn    (ring unavailable)
MPRegen 1.30/turn    D - experimental inducer {rC+ Regen+ RegenMP+ Slay+3}

%: no passive effects
@: no status effects
A: off-hand wielding, slow wielding, warmup strikes, no jewellery, horns 3,
iridescent scales 3, deterioration 1, frail 1, mutation resistance 1, shaggy fur
2, eyeballs 1, tendrils, heat vulnerability 1, inability to drink after injury
2, sturdy frame 1
0: Orb of Zot
}: 5/15 runes: decaying, slimy, silver, abyssal, gossamer
a: Renounce Religion, Oozemancy, Slimify


You escaped.
You worshipped Jiyva.
Jiyva was exalted by your worship.
You visited 12 branches of the dungeon, and saw 56 of its levels.
You visited the Abyss 1 time.
You also visited: Gauntlet, Ice Cave and Wizlab.

You collected 5268 gold pieces.
You spent 1272 gold pieces at shops.

Inventory:

Hand Weapons
 e - the +3 mace of Armageddon {pain, rElec rN++}
   (You found it on level 1 of the Realm of Zot)

   rElec:     It insulates you from electricity.
   rN++:      It greatly protects you from negative energy.
 h - the +5 demon whip "Spellbinder" (weapon) {antimagic, disrupt, Will+}
   (You found it on level 3 of the Depths)

   Will+:     It increases your willpower.
 p - a +1 eveningstar of freezing {Hans}
 q - a +9 morningstar of holy wrath (offhand) {Surjit}
 v - a +2 eveningstar of draining {Hisao}
 H - a +2 morningstar of holy wrath {Adela}
Armour
 a - the +3 pair of boots of an ice cave {Slay+3}
   (You acquired it on level 1 of the Lair of Beasts)

   Slay+3:    It affects your accuracy & damage with ranged weapons and melee
   (+3).
 o - a +2 helmet
 F - the +0 pair of boots of the Rhinotaur (worn) {rF+}
   (You found it on level 3 of the Vaults)

   rF+:       It protects you from fire.
 L - a scarf of resistance (worn)
 P - +0 ice dragon scales
 U - +8 gold dragon scales (worn)
 V - the +0 plate armour of the Worm {rPois rF++ rN+ Int-4}
   (You found it on level 5 of the Vaults)

   Int-4:     It affects your intelligence (-4).
   rF++:      It greatly protects you from fire.
   rPois:     It protects you from poison.
   rN+:       It protects you from negative energy.
 W - the +5 chain mail of the Tsukumogami {rElec Regen+}
   (You found it on level 5 of the Pits of Slime)

   rElec:     It insulates you from electricity.
   Regen+:    It increases your rate of health regeneration.
 X - the +3 pair of gauntlets of War (worn) {Slay+5}
   (You found it in a Gauntlet)

   Slay+5:    It affects your accuracy & damage with ranged weapons and melee
   (+5).
Gizmo
 D - an experimental inducer (installed) {rC+ Regen+ RegenMP+ Slay+3}
   (You invented it yourself on level 11 of the Dungeon)

   [experimental inducer]

   Slay+3:    It affects your accuracy & damage with ranged weapons and melee
   (+3).
   rC+:       It protects you from cold.
   Regen+:    It increases your rate of health regeneration.
   RegenMP+:  It increases your rate of magic regeneration.
Wands
 c - a wand of flame (153) (quivered)
 f - a wand of light (19)
 j - a wand of charming (52)
 t - a wand of digging (5)
 B - a wand of warping (37)
 R - a wand of mindburst (10)
 Z - a wand of polymorph (33)
Scrolls
 d - 23 scrolls of identify
 i - 4 scrolls of revelation
 n - 3 scrolls of poison
 u - a scroll of enchant weapon
 C - 9 scrolls of teleportation
 I - 4 scrolls of butterflies
 O - a scroll of blinking
 Q - 2 scrolls of fear
 Y - a scroll of fog
Potions
 b - a potion of haste
 g - 6 potions of might
 k - 5 potions of brilliance
 m - 6 potions of curing
 w - 2 potions of enlightenment
 x - 4 potions of invisibility
 z - 4 potions of magic
 J - 7 potions of resistance
 K - 4 potions of cancellation
 M - 3 potions of heal wounds
 T - 2 potions of ambrosia
Miscellaneous
 l - a sack of spiders (inert)
 r - a condenser vane
 y - a lightning rod (3/4)
 S - a phantom mirror


   Skills:
 + Level 25.9 Fighting
 + Level 21.2 Maces & Flails
 O Level 27 Armour
 - Level 0.8 Dodging
 - Level 0.7 Stealth
 O Level 27 Evocations


You had 26 spell levels left.
You didn't know any spells.
Your spell library contained the following spells:

 Spells                   Type           Power      Damage    Failure   Level
 Foxfire                  Conj/Fire      0%         2x1d4     87%         1
 Kiss of Death            Conj/Necr      0%         2d5       87%         1
 Necrotise                Necr           0%         1d4       87%         1
 Shock                    Conj/Air       0%         1d3       87%         1
 Slow                     Hex            0%         N/A       87%         1
 Sting                    Conj/Alch      0%         1d3       87%         1
 Blink                    Tloc           0%         N/A       95%         2
 Call Imp                 Summ           0%         N/A       95%         2
 Cigotuvi's Dreadful Rot  Necr/Alch/Air  0%         N/A       95%         2
 Ensorcelled Hibernation  Hex/Ice        0%         N/A       95%         2
 Jinxbite                 Hex            0%         N/A       95%         2
 Lesser Beckoning         Tloc           0%         N/A       95%         2
 Mercury Vapours          Alch/Air       0%         N/A       95%         2
 Momentum Strike          Conj/Tloc      0%         3d8       95%         2
 Searing Ray              Conj           0%         2d4       95%         2
 Static Discharge         Conj/Air       0%         3-3/arc   95%         2
 Sublimation of Blood     Necr           0%         N/A       95%         2
 Call Canine Familiar     Summ           0%         N/A       99%         3
 Confusing Touch          Hex            0%         N/A       99%         3
 Dazzling Flash           Conj/Hex       0%         N/A       99%         3
 Fugue of the Fallen      Necr           0%         N/A       99%         3
 Hailstorm                Conj/Ice       0%         3d5       99%         3
 Inner Flame              Hex/Fire       0%         N/A       99%         3
 Maxwell's Portable Pile  Tloc           0%         2d(5-13)  99%         3
 Mephitic Cloud           Conj/Alch/Air  0%         N/A       99%         3
 Ozocubu's Armour         Ice            0%         N/A       99%         3
 Sigil of Binding         Hex            0%         N/A       99%         3
 Summon Ice Beast         Ice/Summ       0%         N/A       99%         3
 Swiftness                Air            0%         N/A       99%         3
 Teleport Other           Tloc           0%         N/A       99%         3
 Tukima's Dance           Hex            0%         N/A       99%         3
 Vampiric Draining        Necr           0%         2d6       99%         3
 Airstrike                Air            0%         2d(0-16)  100%        4
 Anguish                  Hex/Necr       0%         N/A       100%        4
 Animate Armour           Summ/Erth      0%         N/A       100%        4
 Animate Dead             Necr           0%         N/A       100%        4
 Cause Fear               Hex            0%         N/A       100%        4
 Dimensional Bullseye     Hex/Tloc       0%         N/A       100%        4
 Dispel Undead            Necr           0%         3d6       100%        4
 Flame Wave               Conj/Fire      0%         2d4       100%        4
 Leda's Liquefaction      Alch/Erth      0%         N/A       100%        4
 Martyr's Knell           Necr/Summ      0%         N/A       100%        4
 Olgreb's Toxic Radiance  Alch           0%         N/A       100%        4
 Passage of Golubria      Tloc           0%         N/A       100%        4
 Sticky Flame             Fire/Alch      0%         2d4       100%        4
 Summon Lightning Spire   Summ/Air       0%         N/A       100%        4
 Vhi's Electric Charge    Tloc/Air       0%         N/A       100%        4
 Arcjolt                  Conj/Air       0%         1d10      100%        5
 Borgnjor's Vile Clutch   Necr/Erth      0%         N/A       100%        5
 Fireball                 Conj/Fire      0%         3d3       100%        5
 Freezing Cloud           Conj/Ice/Air   0%         6-21      100%        5
 Irradiate                Conj/Alch      0%         3d11      100%        5
 Lee's Rapid Deconstruct  Erth           0%         3d4*      100%        5
 Summon Forest            Summ/Tloc      0%         N/A       100%        5
 Summon Mana Viper        Hex/Summ       0%         N/A       100%        5
 Yara's Violent Unravell  Hex/Alch       0%         3d3       100%        5
 Death Channel            Necr           0%         N/A       100%        6
 Dispersal                Tloc           0%         N/A       100%        6
 Eringya's Noxious Bog    Alch           0%         4d6       100%        6
 Gell's Gavotte           Tloc           0%         2d(11-16) 100%        6
 Permafrost Eruption      Ice/Erth       0%         2x4d1     100%        6
 Plasma Beam              Fire/Air       0%         2x1d10    100%        6
 Sculpt Simulacrum        Ice/Alch       0%         N/A       100%        6
 Starburst                Conj/Fire      0%         6d3       100%        6
 Summon Cactus Giant      Summ           0%         N/A       100%        6
 Enfeeble                 Hex            0%         N/A       100%        7
 Haunt                    Necr/Summ      0%         N/A       100%        7
 Malign Gateway           Summ/Tloc      0%         N/A       100%        7
 Manifold Assault         Tloc           0%         N/A       100%        7
 Ozocubu's Refrigeration  Ice            0%         4d7       100%        7
 Summon Hydra             Summ           0%         N/A       100%        7
 Ignition                 Fire           0%         3d3       100%        8
 Infestation              Necr           0%         N/A       100%        8
 Maxwell's Capacitive Co  Air            0%         ∞         100%        8
 Chain Lightning          Conj/Air       0%         N/A       100%        9
 Death's Door             Necr           0%         N/A       100%        9
 Dragon's Call            Summ           0%         N/A       100%        9
 Fire Storm               Conj/Fire      0%         5d1       100%        9
 Polar Vortex             Ice            0%         N/A       100%        9
 Shatter                  Erth           0%         3d5*      100%        9


Dungeon Overview and Level Annotations

Branches:
Dungeon (15/15)            Temple (1/1) D:6            Lair (5/5) D:9
  Swamp (4/4) Lair:3       Spider (4/4) Lair:2        Slime (5/5) Lair:4
    Orc (2/2) D:11            Elf (3/3) Orc:2        Vaults (5/5) D:13
  Crypt (3/3) Vaults:2       Tomb (0/3) Crypt:3      Depths (4/4) D:15
    Zot (5/5) Depths:4      IceCv (visited)          WizLab (visited)
Gauntlet (visited)

Altars:
Ashenzari
Cheibriados
Dithmenos
Elyvilon
Fedhas
Gozag
Hepliaklqana
Kikubaaqudgha
Makhleb
Nemelex Xobeh
Okawaru
Qazlal
Ru
Sif Muna
Trog
Uskayaw
Vehumet
Wu Jian
Xom
Yredelemnul
Zin
The Shining One
Beogh
Jiyva
Lugonu

Shops:
D:1 [   D:2 (!=::   D:4 *((=[   Orc:2 :!(=   Vaults:1 =

Portals:
Hell: Depths:1 Depths:2 Depths:3 Depths:4
Abyss: Lair:5 Depths:3
Pandemonium: Depths:1 Depths:2
Ziggurat: Depths:4
Trove: D:10 (give 18 potions of curing)

Annotations:
Slime:5 Royal Jelly
Crypt:2 exclusion: 3 downstairs
Crypt:3 Khufu
Depths:3 3 runed translucent doors, exclusion: 3 doors
Zot:2 2 transporters, exclusion: obsidian statue


Innate Abilities, Weirdness & Mutations

You can wield a second weapon in your off-hand.
It takes a long time for you to wield or remove held weapons.
Your first few attacks do less damage.
You cannot equip rings or amulets.
You have a pair of large horns on your head.
You are completely covered in iridescent scales. (AC +6)
Your body sometimes deteriorates upon taking damage.
You are frail. (-10% HP)
You are somewhat resistant to further mutation.
You are covered in thick fur. (AC +2)
Your body has grown eyes which may confuse attackers. (Acc +3)
You are covered in slimy tendrils that may disarm your opponents.
You are vulnerable to heat. (rF-)
You sometimes lose the ability to drink potions when taking damage.
Your movements are slightly less encumbered by armour. (ER -2)


Message History

There is a stone staircase leading up here.
You climb upwards.
There is a stone staircase leading down here.
An orange demon comes into view.
Unknown command.
Unknown command.
A cacodemon comes into view.
Some rock shatters into small pieces.
The cacodemon gestures at you. You resist with almost no effort.
You bludgeon the cacodemon with your +9 morningstar of holy wrath!!
The cacodemon convulses.
The cacodemon is moderately wounded.
You hit the cacodemon with the +5 demon whip "Spellbinder".
The cacodemon is briefly showered in sparks.
You whack the cacodemon with the +5 demon whip "Spellbinder"!
The cacodemon's magic leaks into the air.
Desperate hands claw out at the cacodemon.
You headbutt the cacodemon.
The cacodemon is moderately wounded.
You impale the cacodemon with your +9 morningstar of holy wrath!!
The cacodemon convulses!!
The cacodemon falters for a moment.
You hit the cacodemon but do no damage. You headbutt the cacodemon!!
You kill the cacodemon!
You swap places.
Your nameless horror hits the orange demon!
The orange demon barely misses your nameless horror.
The orange demon hits your nameless horror.
Your nameless horror looks weaker.
Your nameless horror hits the orange demon but does no damage.
The orange demon stings your nameless horror!
The orange demon hits your nameless horror but does no damage.
Your nameless horror closely misses the orange demon.
The orange demon stings your nameless horror but does no damage.
The orange demon hits your nameless horror but does no damage.
Your nameless horror hits the orange demon.
An Orb Guardian comes into view.
You see here a +0 hand axe.
There is a staircase leading out of the dungeon here.
You have escaped!

#.............................#
#.....................######..#
#.....................# #..#
#.....................######..#
#..............⌠..⌠...........#
#........⌠..⌠.≈≈§≈§≈...###.#.##
#..⌠..⌠.≈≈§≈≈≈.........# #.#.#
..§≈≈≈≈≈...............###.#†##
..§..........X..@...........♣.♣#
.§≈≈≈≈≈≈).............#.####~~.##
...⌠..⌠.≈≈≈≈≈≈..........# #~~~..
.........⌠..⌠.≈≈≈§≈≈...## #P~~#.
...............⌠..⌠...## #♣..#~
......................### ##...
........................# ##..
#.....................#.# ##.♣
#.....................#.######...


You could see an Orb Guardian.

Vanquished Creatures
  Frederick (Vaults:4)
  4 ancient liches
  4 dread liches
  5 orbs of fire
  Mara (Vaults:2)
  A juggernaut (Depths:3)
  Boris (Crypt:3)
  Vv (Crypt:2)
  Bai Suzhen (Swamp:3)
  3 Killer Klowns (Zot:5)
  Saint Roka (Vaults:1)
  the Lernaean hydra (Swamp:4)
  Margery (Crypt:3)
  9 curse toes
  4 caustic shrikes (Depths:4)
  7 golden dragons
  Norris (Vaults:1)
  5 bone dragons
  Arachne (Spider:2)
  2 electric golems
  The ghost of Epirepp the Wrestler, an adept DrSh of Wu Jian (Vaults:3)
  5 liches
  Zenata (Vaults:4)
  A hellephant (Crypt:3)
  17 tentacled monstrosities
  2 deep elf blademasters
  A walking crystal tome (Depths:2)
  4 titans
  25 Orb Guardians
  11 death cobs
  4 sphinxes
  A deep elf master archer (Elf:3)
  4 quicksilver dragons
  A walking frostbound tome (Depths:3)
  A walking divine tome (Depths:3)
  3 ancient champions
  3 tentacled starspawn (Abyss:3)
  7 tengu reavers
  10 shadow dragons
  Agnes (Spider:3)
  Donald (Swamp:3)
  9 protean progenitors
  4 draconian monks
  3 fire giants
  5 draconian knights
  4 daevas
  7 emperor scorpions
  A fenstrider witch (Swamp:3)
  16 storm dragons
  13 vault wardens
  7 frost giants
  4 curse skulls
  4 draconian scorchers
  4 deep elf elementalists (Elf:3)
  10 deep elf sorcerers (Elf:3)
  6 ghost moths
  2 draconian shifters
  3 angels
  5 broodmothers
  3 cacodemons
  3 orc warlords
  16 very ugly things
  3 ironbound thunderhulks
  12 ghouls
  13 draconian annihilators
  19 ironbound preservers
  A reaper (Crypt:2)
  A draconian stormcaller (Zot:4)
  14 stone giants
  7 deep elf demonologists
  8 green draconians
  7 vampire knights
  9 deep elf death magi
  3 eleionomae
  13 white draconians
  Nessos (D:12)
  3 dire elephants
  5 spark wasps
  8 bunyips
  A lorocyproca (D:15)
  7 black draconians
  9 deep elf annihilators
  Azrael (Spider:1)
  5 war gargoyles
  7 red draconians
  A minotaur (Gauntlet)
  10 yellow draconians
  12 purple draconians
  Snorg (D:13)
  3 eidola (Crypt:1)
  19 ettins
  4 crystal guardians
  A mummy priest (WizLab)
  8 deep elf high priests
  4 jiangshi (Crypt:1)
  3 entropy weavers
  A shambling mangrove (Swamp:1)
  5 fire dragons
  12 yaktaur captains
  6 ice dragons
  29 vault guards
  20 hydras
  A spriggan zombie (Depths:3)
  2 peacekeepers
  2 rakshasas (Depths:2)
  A jorogumo (Spider:4)
  12 alligators
  5 radroaches
  4 ghost crabs
  A sphinx zombie (Depths:3)
  5 ogre magi
  A catoblepas (Gauntlet)
  The ghost of pascalblue the Geomancer, a journeyman DEEE of Sif Muna (D:9)
  7 spriggan air magi
  A two-headed ogre (shapeshifter) (Vaults:5)
  9 ironbound frosthearts
  12 centaur warriors
  4 tengu warriors
  31 dancing weapons
  5 boulder beetles
  3 death knights
  6 two-headed ogres
  4 deep troll earth magi
  8 deep troll shamans
  An orc high priest (Vaults:1)
  3 titan zombies
  3 occultists
  7 demonic crawlers
  3 hell hogs (Abyss:3)
  7 thrashing horrors
  10 death yaks
  3 holy swine (Abyss:4)
  2 spriggan berserkers
  A titan skeleton (Crypt:3)
  A soul eater (Gauntlet)
  Nergalle (Orc:2)
  9 hell knights (Crypt:3)
  An emperor scorpion zombie (Crypt:3)
  4 wretched stars
  21 skeletal warriors
  7 skysharks
  9 pharaoh ants
  18 deep elf knights
  4 iron trolls
  2 shadow wraiths
  A spark wasp zombie (WizLab)
  2 sixfirhies (Abyss:4)
  14 deep elf archers
  2 goliath frogs
  A deep troll (shapeshifter) (Depths:1)
  A bunyip zombie (Crypt:3)
  6 orb spiders (Spider:4)
  A glowing orange brain (shapeshifter) (Depths:1)
  A mana viper (shapeshifter) (Vaults:5)
  3 arcanists
  5 flayed ghosts
  2 sun moths
  An anaconda zombie (Crypt:2)
  12 swamp dragons
  11 lindwurms
  An orange crystal statue (Zot:5)
  8 orc knights (Vaults:1)
  6 bog bodies
  49 deep trolls
  4 spriggan druids (Swamp:3)
  3 thermic dynamos (Elf:2)
  18 ironbound convokers
  An iron giant skeleton (Crypt:3)
  2 iron dragon zombies (WizLab)
  10 steelbarb worms
  14 phantasmal warriors
  4 obsidian bats
  Pikel (D:9)
  An alligator zombie (Crypt:3)
  10 necromancers
  A shadow dragon zombie (WizLab)
  A tengu zombie (WizLab)
  10 large abominations
  34 deep elf pyromancers
  16 wolf spiders
  A fire giant zombie (WizLab)
  A frost giant zombie (WizLab)
  28 ugly things
  28 deep elf zephyrmancers
  An oklob plant (Lair:1)
  A jorogumo skeleton (Crypt:1)
  3 will-o-the-wisps
  5 orc sorcerers (Orc:2)
  2 manticores
  2 fauns (Zot:4)
  A stone giant zombie (WizLab)
  A cyclops (D:13)
  25 moths of wrath
  A meliai (shapeshifter) (D:14)
  18 elephants
  3 meliai (Spider:4)
  2 black mambas
  12 apocalypse crabs
  2 kobold blastminers
  An eleionoma skeleton (Crypt:2)
  A demonspawn zombie (WizLab)
  An ice statue (IceCv)
  6 smoke demons
  An orc zombie (Crypt:3)
  A guardian serpent (shapeshifter) (Vaults:5)
  4 gargoyles
  A rust devil (Zot:1)
  2 minotaur zombies
  19 vault sentinels
  A yaktaur zombie (WizLab)
  12 rime drakes
  2 orange demons (Abyss:4)
  14 cane toads
  3 torpor snails
  A dire elephant skeleton (Crypt:3)
  A rime drake (shapeshifter) (Vaults:5)
  A tormentor (Abyss:1)
  An iron troll zombie (Crypt:1)
  11 freezing wraiths
  2 efreet
  Jeremiah (D:8)
  3 komodo dragons
  An unseen horror skeleton (Crypt:2)
  19 yaktaurs
  2 tengu conjurers
  2 anaconda simulacra (IceCv)
  14 ice devils (IceCv)
  An ancient zyme (Abyss:3)
  3 guardian mummies (WizLab)
  A silent spectre (Abyss:4)
  A yaktaur skeleton (Vaults:3)
  2 polar bears
  7 trolls
  A human zombie (Vaults:3)
  A hellwing (Abyss:4)
  A sea snake skeleton (Crypt:1)
  22 jumping spiders
  17 tyrant leeches
  A hydra skeleton (Crypt:3)
  6 hornets
  6 dream sheep
  A shadow dragon simulacrum (Vaults:3)
  A deep troll zombie (WizLab)
  30 tarantellas
  A harpy skeleton (Crypt:3)
  An ettin zombie (Crypt:1)
  34 blink frogs
  2 fire dragon zombies (Crypt:3)
  5 raiju
  26 culicivoras
  3 shadows (D:11)
  7 wraiths
  5 ynoxinuls
  2 air elementals (Elf:3)
  An elf zombie (WizLab)
  8 spriggans
  A human (shapeshifter) (Elf:3)
  10 water elementals
  4 vampires
  A dire elephant simulacrum (IceCv)
  10 fire elementals
  36 yaks
  7 wyverns
  Grum (D:8)
  3 chaos spawn
  5 wargs (Orc:2)
  3 death yak simulacra (IceCv)
  2 redbacks (shapeshifter)
  16 vampire mosquitoes
  7 basilisks
  36 redbacks
  6 steam dragons
  A harpy simulacrum (IceCv)
  12 swamp worms
  A hydra simulacrum (IceCv)
  A hell hound (Spider:1)
  An acid dragon (Lair:2)
  15 water moccasins
  A glowing shapeshifter skeleton (Depths:3)
  2 naga skeletons
  6 ice beasts
  9 swamp drakes (Swamp:4)
  10 orc warriors
  A sky beast (D:6)
  A deep troll skeleton (Crypt:3)
  3 black bears
  44 laughing skulls
  9 wolves
  4 centaurs (D:11)
  11 ogres
  A starcursed mass (Abyss:2)
  4 lemures (D:9)
  2 kobold brigands
  A vine stalker zombie (Crypt:2)
  A rime drake skeleton (Crypt:1)
  4 brain worms
  13 bullfrogs
  An earth elemental (Elf:1)
  A gnoll sergeant (D:9)
  3 scorpions
  4 cane toad simulacra (IceCv)
  9 small abominations (Lair:5)
  3 wights (D:10)
  4 elephant simulacra (IceCv)
  22 killer bees
  An electric eel (Spider:4)
  3 howler monkeys
  A bombardier beetle (D:5)
  A hound (D:5)
  12 jellies
  2 gnoll boudas
  8 orc priests
  A sleepcap (D:7)
  3 iguanas
  Jessica (D:2)
  20 orc wizards
  4 polar bear simulacra (IceCv)
  2 troll simulacra (IceCv)
  2 spriggan simulacra
  5 wolf simulacra (IceCv)
  A deep dwarf zombie (Crypt:1)
  Robin (D:2)
  7 gnolls (D:9)
  4 adders
  A naga simulacrum (IceCv)
  3 shadow imps (Gauntlet)
  5 white imps
  An iguana skeleton (Crypt:2)
  4 ribbon worms
  3 dart slugs (D:3)
  40 orcs
  3 bats
  12 endoplasms
  14 goblins
  9 hobgoblins
  17 kobolds
  4 quokkas
  9 ball pythons
  4 frilled lizards (D:1)
  A goblin skeleton (Crypt:1)
  7 rats
  7 aspiring fleshes
  A lurking horror (Abyss:3)
2121 creatures vanquished.

Vanquished Creatures (collateral kills)
  Nikola (Spider:1)
  An electric golem (Zot:5)
  A tentacled starspawn (Abyss:1)
  A revenant (Crypt:2)
  A fenstrider witch (Swamp:3)
  Roxanne (D:15)
  Louise (Spider:1)
  A dire elephant (Vaults:1)
  An ettin (Depths:4)
  Josephine (D:12)
  An entropy weaver (Vaults:1)
  3 hydras
  A fenstrider witch zombie (Crypt:1)
  A dancing weapon (Elf:1)
  A goliath frog (Swamp:3)
  A bog body (Crypt:2)
  An orc knight (Vaults:1)
  3 deep elf zephyrmancers (Elf:1)
  A will-o-the-wisp (Swamp:3)
  A moth of wrath (Zot:5)
  A vault sentinel (Vaults:1)
  An elephant (Lair:5)
  A large abomination (Abyss:1)
  A cane toad (Lair:5)
  2 yaktaurs (Vaults:1)
  A komodo dragon (Lair:2)
  2 hornets (Swamp:3)
  A tyrant leech (Swamp:2)
  A harpy skeleton (Crypt:1)
  A blink frog (D:9)
  5 dream sheep (Lair:5)
  3 spriggans (Swamp:3)
  2 wraiths (D:12)
  A fire elemental (Spider:1)
  2 vampire mosquitoes (D:13)
  A yak (D:7)
  A swamp worm (Swamp:3)
  A hell hound (Spider:1)
  A swamp drake (Swamp:2)
  A black bear zombie (Crypt:2)
  An orc priest (Vaults:1)
  An adder (D:3)
  A starspawn tentacle (Abyss:3)
57 creatures vanquished.

Vanquished Creatures (others)
  The ghost of Velavy the Conqueror, a veteran CoHs of Qazlal (Depths:3)
  A sphinx (Vaults:5)
  An eldritch tentacle (Zot:5)
  A frost giant (Depths:1)
  A ghost moth (Zot:5)
  A vault warden (Vaults:3)
  A stone giant (Vaults:3)
  A deep elf death mage (Vaults:4)
  A deep elf high priest (Elf:3)
  3 yaktaur captains (Vaults:3)
  6 great orbs of eyes
  A hydra (Swamp:4)
  An occultist (Elf:2)
  2 deep elf knights (Elf:1)
  A skeletal warrior (Crypt:3)
  7 glowing orange brains
  An orb spider (Spider:1)
  An arcanist (Vaults:3)
  2 shadow demons (Abyss:4)
  2 ironbound convokers
  A deep elf pyromancer (Elf:1)
  An ugly thing (IceCv)
  2 deep elf zephyrmancers
  An elephant (Lair:4)
  A moth of wrath (Zot:2)
  A smoke demon (Zot:2)
  A vault sentinel (Vaults:4)
  2 glass eyes
  6 yaktaurs
  A bloated husk (Swamp:2)
  A jumping spider (shapeshifter) (D:15)
  22 slime creatures
  A water elemental (Abyss:3)
  4 golden eyes
  2 redbacks
  A hell hound (Spider:1)
  An orc warrior (Orc:1)
  2 wolves (D:8)
  A centaur (D:10)
  An electric eel (Spider:1)
  249 jellies
  7 orc wizards
  Terence (D:3)
  A shadow imp (Orc:1)
  6 orcs
  16 foxfires
  A lurking horror (Abyss:4)
  10 starspawn tentacles
380 creatures vanquished.

Grand Total: 2558 creatures vanquished

Notes
Turn   | Place    | Note
-------+----------+-------------------------------------------
     0 | D:1      | Zaelin the Coglin Artificer began the quest for the Orb.
     0 | D:1      | Reached XP level 1. HP: 15/15 MP: 1/1
   117 | D:1      | Reached skill level 1 in Maces & Flails
   151 | D:1      | Reached XP level 2. HP: 21/21 MP: 2/2
   465 | D:1      | Found Ifonyedi's Armour Emporium.
   466 | D:1      | Noticed an animated pearl dragon scales
   468 | D:1      | Noticed an animated crystal plate armour
   543 | D:1      | Found a faded altar of an unknown god.
   854 | D:1      | Reached XP level 3. HP: 26/26 MP: 3/3
  1023 | D:2      | Noticed Robin
  1044 | D:2      | Killed Robin
  1164 | D:2      | Found Virrimua's Book Shop.
  1173 | D:2      | Found Veroivax's Jewellery Shop.
  1184 | D:2      | Reached XP level 4. HP: 32/32 MP: 4/4
  1222 | D:2      | Found Plog's Weapon Emporium.
  1343 | D:2      | Found Qobuynke's Distillery.
  1420 | D:2      | Found Efoxt's Book Shoppe.
  1460 | D:2      | Noticed Jessica
  1466 | D:2      | Killed Jessica
  2096 | D:3      | Noticed an ogre
  2104 | D:3      | Noticed Terence
  2113 | D:3      | Your ally Terence died
  2114 | D:3      | Reached XP level 5. HP: 7/37 MP: 5/5
  2114 | D:3      | Killed an ogre
  2448 | D:3      | Reached skill level 5 in Maces & Flails
  2465 | D:3      | Reached XP level 6. HP: 40/43 MP: 6/6
  2778 | D:4      | Found Ral Sen's Armour Emporium.
  2807 | D:4      | Found Jiutok's Weapon Shop.
  2821 | D:4      | Found Zadana's Jewellery Emporium.
  2833 | D:4      | Found a snail-covered altar of Cheibriados.
  2849 | D:4      | Found Woitz's General Store.
  3115 | D:4      | Found Corphec's Weapon Shop.
  3291 | D:4      | Noticed a black bear
  3296 | D:4      | Killed a black bear
  3297 | D:4      | Reached XP level 7. HP: 41/48 MP: 7/7
  3537 | D:5      | Entered Level 5 of the Dungeon
  4081 | D:5      | Found a shimmering blue altar of Sif Muna.
  4112 | D:5      | Found a shimmering altar of Xom.
  4237 | D:6      | Reached XP level 8. HP: 46/54 MP: 8/8
  4894 | D:6      | Found a staircase to the Ecumenical Temple.
  4909 | Temple   | Entered the Ecumenical Temple
  5158 | D:7      | Noticed a wyvern
  5166 | D:7      | Killed a wyvern
  5167 | D:7      | Reached skill level 10 in Maces & Flails
  5262 | D:7      | Noticed a yak
  5263 | D:7      | Noticed a yak
  5335 | D:7      | Reached XP level 9. HP: 59/59 MP: 9/9
  5490 | D:1      | Bought the +0 leather armour of Bedevilment {rPois Will+
                  | SInv} for 230 gold pieces
  5811 | D:7      | Found a shadowy altar of Dithmenos.
  6992 | D:8      | Found an ancient bone altar of Kikubaaqudgha.
  6995 | D:8      | Noticed Jeremiah
  7012 | D:8      | Killed Jeremiah
  7268 | D:8      | Noticed Grum
  7311 | D:8      | Killed Grum
  7312 | D:8      | Reached XP level 10. HP: 40/65 MP: 10/10
  7643 | D:8      | Identified the +0 robe of the Thunderstorm {Rampage ^Drain
                  | SInv Stlth+}
  8276 | D:9      | Noticed a two-headed ogre
  8472 | D:9      | Killed a two-headed ogre
  8889 | D:9      | Found a staircase to the Lair.
  9029 | D:9      | Reached skill level 5 in Evocations
  9057 | D:9      | Noticed Pikel
  9084 | D:9      | Killed Pikel
  9085 | D:9      | Reached XP level 11. HP: 46/75 MP: 11/11
  9257 | D:9      | Found a runed translucent gate.
  9257 | D:9      | Found a runed translucent gate.
  9257 | D:9      | Found a runed translucent gate.
  9258 | D:9      | Noticed pascalblue's ghost (journeyman DEEE)
  9258 | D:9      | Noticed a ten-headed hydra
  9859 | Lair:1   | Entered Level 1 of the Lair of Beasts
  9859 | Lair:1   | Noticed an oklob plant
 10033 | Lair:1   | Killed an oklob plant
 10272 | Lair:1   | Reached skill level 5 in Fighting
 10362 | Lair:1   | Reached skill level 5 in Armour
 11460 | Lair:2   | Identified the +1 leather armour "Risustra" {-Cast rElec
                  | Will+ Regen+}
 11686 | Lair:2   | Reached XP level 12. HP: 63/89 MP: 12/12
 11981 | Lair:2   | Noticed a skyshark
 11995 | Lair:2   | Killed a skyshark
 12168 | Lair:2   | Reached skill level 10 in Evocations
 12728 | Lair:2   | Found a hole to the Spider Nest.
 15222 | Lair:3   | Found a staircase to the Swamp.
 15314 | Lair:3   | Noticed a skyshark
 15333 | Lair:3   | Killed a skyshark
 15754 | Lair:4   | Noticed a death yak
 15883 | Lair:4   | Reached XP level 13. HP: 58/100 MP: 13/13
 17564 | Lair:4   | Reached skill level 10 in Fighting
 18729 | Lair:4   | Found a staircase to the Slime Pits.
 18729 | Lair:4   | Found a viscous altar of Jiyva.
 18743 | Lair:4   | Became a worshipper of Jiyva Janais the Shapeless
 18964 | D:10     | Entered Level 10 of the Dungeon
 19001 | D:10     | Found an opulent altar of Gozag.
 19157 | D:10     | Reached * piety under Jiyva
 19277 | D:10     | Found a sacrificial altar of Ru.
 19346 | D:10     | Found a sparkling altar of Nemelex Xobeh.
 19396 | D:10     | Found a portal to a secret trove of treasure.
 19519 | D:10     | Reached ** piety under Jiyva
 20241 | D:11     | Reached skill level 10 in Armour
 20274 | D:11     | Reached *** piety under Jiyva
 20274 | D:11     | Gained mutation: You have a small jelly attached to you
                  | that may absorb projectiles. [Jiyva's grace]
 20274 | D:11     | Gained mutation: Armour fits poorly on your pseudopods.
                  | [Jiyva's grace]
 20274 | D:11     | Gained mutation: Armour fits poorly on your large
                  | pseudopods. [Jiyva's grace]
 20274 | D:11     | Gained mutation: Armour fits poorly on your massive
                  | pseudopods. [Jiyva's grace]
 20386 | D:11     | Found a staircase to the Orcish Mines.
 20539 | Orc:1    | Entered Level 1 of the Orcish Mines
 20605 | Orc:1    | Reached XP level 14. HP: 100/111 MP: 14/14
 20607 | D:11     | Acquired an experimental inducer {rC+ Regen+ RegenMP+
                  | Slay+3}
 20763 | Orc:2    | Entered Level 2 of the Orcish Mines
 20763 | Orc:2    | Noticed an orc warlord
 20973 | Orc:2    | Killed an orc warlord
 21188 | Orc:2    | Reached **** piety under Jiyva
 21827 | Orc:2    | Found Ryrgha's Book Shoppe.
 21837 | Orc:2    | Found a radiant altar of Vehumet.
 21937 | Orc:2    | Noticed Nergalle
 22017 | Orc:2    | Found an ancient bone altar of Kikubaaqudgha.
 22024 | Orc:2    | Killed Nergalle
 22085 | Orc:2    | Paralysed by an ogre mage for 5 turns
 22095 | Orc:2    | Found a roughly hewn altar of Beogh.
 22095 | Orc:2    | Found Lenles's Antique Weapon Shoppe.
 22102 | Orc:2    | Found Qesott's Jewellery Shoppe.
 22105 | Orc:2    | Found Astada's Distillery.
 22134 | Orc:2    | Bought a potion of might for 60 gold pieces
 22280 | Orc:2    | Found a staircase to the Elven Halls.
 22565 | D:12     | Found a faded altar of an unknown god.
 22629 | D:12     | Noticed Nessos
 22639 | D:12     | Killed Nessos
 22767 | D:12     | Lost mutation: Armour fits poorly on your massive
                  | pseudopods. [Jiyva's grace]
 22767 | D:12     | Gained mutation: Your system is resistant to poisons.
                  | (rPois) [Jiyva's grace]
 22767 | D:12     | Gained mutation: You are partially covered in iridescent
                  | scales. (AC +2) [Jiyva's grace]
 22767 | D:12     | Gained mutation: You are mostly covered in iridescent
                  | scales. (AC +4) [Jiyva's grace]
 22767 | D:12     | Gained mutation: You are completely covered in iridescent
                  | scales. (AC +6) [Jiyva's grace]
 22780 | D:12     | Identified a scroll of acquirement
 22781 | D:12     | Acquired a +2 eveningstar of protection
 22900 | D:12     | Reached ***** piety under Jiyva
 22990 | D:12     | Noticed Josephine
 22997 | D:12     | Killed Josephine
 23079 | D:12     | Found a frozen archway.
 23178 | IceCv    | Entered an ice cave
 23706 | IceCv    | Reached XP level 15. HP: 119/119 MP: 15/15
 23709 | IceCv    | Found an ancient bone altar of Kikubaaqudgha.
 24136 | D:13     | Noticed Snorg
 24147 | D:13     | Killed Snorg
 24577 | D:13     | Found a gate to the Vaults.
 24588 | D:13     | Reached skill level 15 in Evocations
 24894 | D:2      | Bought a potion of might for 56 gold pieces
 24894 | D:2      | Bought a potion of resistance for 140 gold pieces
 24894 | D:2      | Bought a potion of enlightenment for 70 gold pieces
 24894 | D:2      | Bought a potion of heal wounds for 70 gold pieces
 24894 | D:2      | Bought 2 potions of haste for 280 gold pieces
 24978 | D:4      | Bought a potion of cancellation for 96 gold pieces
 24978 | D:4      | Bought a potion of heal wounds for 60 gold pieces
 25211 | Orc:2    | Bought a potion of curing for 45 gold pieces
 25211 | Orc:2    | Bought a potion of heal wounds for 75 gold pieces
 25211 | Orc:2    | Bought a potion of curing for 45 gold pieces
 25211 | Orc:2    | Bought a potion of curing for 45 gold pieces
 25414 | Lair:5   | Entered Level 5 of the Lair of Beasts
 25816 | Lair:5   | Lost mutation: You are completely covered in iridescent
                  | scales. (AC +6) [Jiyva's grace]
 25816 | Lair:5   | Lost mutation: Armour fits poorly on your large pseudopods.
                  | [Jiyva's grace]
 25816 | Lair:5   | Gained mutation: Your mind is acute. (Int +4, Str/Dex -1)
                  | [Jiyva's grace]
 25816 | Lair:5   | Gained mutation: Your mind is very acute. (Int +8, Str/Dex
                  | -2) [Jiyva's grace]
 25816 | Lair:5   | Gained mutation: Your melee attacks may engulf your foes in
                  | ooze. [Jiyva's grace]
 25816 | Lair:5   | Gained mutation: Your flesh is heat resistant. (rF+)
                  | [Jiyva's grace]
 25976 | Lair:5   | Reached skill level 15 in Maces & Flails
 26063 | Lair:5   | Found the amulet of Vitality {Regen++ RegenMP++}
 26300 | Lair:5   | Found a corrupted altar of Lugonu.
 26300 | Lair:5   | Found a one-way gate to the infinite horrors of the Abyss.
 27061 | D:14     | Found a gate leading to a gauntlet.
 27070 | Gauntlet | Entered a Gauntlet
 27070 | Gauntlet | Found a transporter.
 27079 | Gauntlet | Found a transporter.
 27082 | Gauntlet | Found a transporter.
 27094 | Gauntlet | Found a transporter.
 27096 | Gauntlet | Found a transporter.
 27100 | Gauntlet | Reached ****** piety under Jiyva
 27136 | Gauntlet | Found a transporter.
 27140 | Gauntlet | Found a runed translucent door.
 27144 | Gauntlet | Found a runed translucent door.
 27147 | Gauntlet | Found a transporter.
 27149 | Gauntlet | Found a transporter.
 27158 | Gauntlet | Found a transporter.
 27174 | Gauntlet | Found a transporter.
 27183 | Gauntlet | Found a transporter.
 27189 | Gauntlet | Found a transporter.
 27189 | Gauntlet | Found a transporter.
 27202 | Gauntlet | Found a runed translucent door.
 27209 | Gauntlet | Found a transporter.
 27496 | Gauntlet | Reached XP level 16. HP: 115/129 MP: 16/16
 27508 | Gauntlet | Identified the +5 mace of an ossuary {drain, rN+}
 27554 | Gauntlet | Identified the amulet of the Ornamental God {Faith Will+}
 27602 | Gauntlet | Found the +3 pair of gauntlets of War {Slay+5}
 27642 | Gauntlet | Identified the +0 plate armour "Kayn" {Will+}
 27831 | D:14     | Identified the +1 scale mail of Least Resistance {Stlth+}
 27911 | D:14     | Lost mutation: Your flesh is heat resistant. (rF+) [Jiyva's
                  | grace]
 27911 | D:14     | Lost mutation: Armour fits poorly on your pseudopods.
                  | [Jiyva's grace]
 27911 | D:14     | Gained mutation: You are covered in slimy tendrils that may
                  | disarm your opponents. [Jiyva's grace]
 27911 | D:14     | Gained mutation: Your body has grown eyes which may confuse
                  | attackers. (Acc +3) [Jiyva's grace]
 27911 | D:14     | Gained mutation: Your body has grown many eyes which may
                  | confuse attackers. (Acc +5) [Jiyva's grace]
 27911 | D:14     | Gained mutation: Your body is covered in eyes which may
                  | confuse attackers. (Acc +7, SInv) [Jiyva's grace]
 28523 | D:15     | Entered Level 15 of the Dungeon
 28720 | D:15     | Noticed Roxanne
 28739 | D:15     | Killed Roxanne
 29176 | D:15     | Found a staircase to the Depths.
 29348 | D:15     | Upgraded the game from 0.32-a0-918-g0f22ef8d61 to
                  | 0.32-a0-928-g1cae6b7ea0
 29569 | Slime:1  | Entered Level 1 of the Pits of Slime
 29574 | Slime:1  | Noticed an acid blob
 29584 | Slime:3  | Noticed a rockslime
 29586 | Slime:3  | Noticed an acid blob
 29600 | Slime:4  | Noticed an azure jelly
 29601 | Slime:4  | Noticed a rockslime
 29602 | Slime:4  | Noticed an acid blob
 29607 | Slime:4  | Noticed an acid blob
 29608 | Slime:5  | Entered Level 5 of the Pits of Slime
 29630 | Slime:5  | Noticed a rockslime
 29630 | Slime:5  | Noticed an acid blob
 29630 | Slime:5  | Noticed an acid blob
 29636 | Slime:5  | Noticed the Royal Jelly
 29637 | Slime:5  | Found a viscous altar of Jiyva.
 29637 | Slime:5  | Noticed an acid blob
 29639 | Slime:5  | Noticed an acid blob
 29643 | Slime:5  | Noticed a rockslime
 29648 | Slime:5  | Noticed an acid blob
 29698 | Slime:5  | Noticed an acid blob
 29699 | Slime:5  | Noticed an acid blob
 29713 | Slime:5  | Identified the +5 chain mail of the Tsukumogami {rElec
                  | Regen+}
 29716 | Slime:5  | Got a starry gem with 455 turns to spare
 29718 | Slime:5  | Got a slimy rune of Zot
 29720 | Slime:5  | Identified the amulet "Ewil" {Spirit rC+ Regen+ Dex+5
                  | Stlth-}
 29747 | Slime:5  | Noticed an acid blob
 29753 | Slime:5  | Noticed an azure jelly
 29896 | Slime:5  | Identified the +4 spear of Duty {heavy, +Blink rElec rF+}
 29946 | Slime:5  | Identified the +7 sling of Nesuta {elec, Dex+6}
 29949 | Slime:5  | Identified the ring of Kuquam {rC++ Will+ Str+5 Slay-6}
 30105 | Slime:4  | Noticed an acid blob
 30290 | Slime:2  | Noticed an acid blob
 30422 | Slime:1  | Noticed a rockslime
 30422 | Slime:1  | Noticed an acid blob
 30559 | Slime:1  | Noticed an acid blob
 30563 | Slime:1  | Noticed an azure jelly
 30824 | D:9      | Killed pascalblue's ghost
 31040 | Swamp:1  | Entered Level 1 of the Swamp
 31458 | Swamp:1  | Identified the +3 hand axe "Hoexodgh" {drain, rElec Stlth+}
 31646 | Swamp:2  | Reached skill level 15 in Armour
 31734 | Swamp:2  | Lost mutation: Your mind is very acute. (Int +8, Str/Dex
                  | -2) [Jiyva's grace]
 31734 | Swamp:2  | Lost mutation: Your body is covered in eyes which may
                  | confuse attackers. (Acc +7, SInv) [Jiyva's grace]
 31734 | Swamp:2  | Lost mutation: You are covered in slimy tendrils that may
                  | disarm your opponents. [Jiyva's grace]
 31734 | Swamp:2  | Gained mutation: You are strong-willed. (Will+) [Jiyva's
                  | grace]
 31734 | Swamp:2  | Gained mutation: You are highly strong-willed. (Will++)
                  | [Jiyva's grace]
 31734 | Swamp:2  | Gained mutation: You are extremely strong-willed. (Will+++)
                  | [Jiyva's grace]
 31734 | Swamp:2  | Gained mutation: Your body is covered in eyes which may
                  | confuse attackers. (Acc +7, SInv) [Jiyva's grace]
 32142 | Swamp:3  | Noticed a fenstrider witch
 32152 | Swamp:3  | Killed a fenstrider witch
 32199 | Swamp:3  | Noticed Donald
 32202 | Swamp:3  | Reached XP level 17. HP: 92/140 MP: 17/17
 32220 | Swamp:3  | Killed Donald
 32385 | Swamp:3  | Noticed Bai Suzhen
 32406 | Swamp:3  | Reached skill level 15 in Fighting
 32432 | Swamp:3  | Killed Bai Suzhen
 32759 | Swamp:4  | Entered Level 4 of the Swamp
 33354 | Swamp:4  | Noticed the 27-headed Lernaean hydra
 33368 | Swamp:4  | Killed the 27-headed Lernaean hydra
 33482 | Swamp:4  | Got a decaying rune of Zot
 33854 | Swamp:4  | Acquired a +1 demon whip of freezing
 34004 | Spider:1 | Entered Level 1 of the Spider Nest
 34004 | Spider:1 | Noticed Louise
 34118 | Spider:1 | Noticed Nikola
 34136 | Spider:1 | Killed Louise
 34143 | Spider:1 | Noticed Azrael
 34148 | Spider:1 | Killed Azrael
 34150 | Spider:1 | Killed Nikola
 34381 | Spider:1 | Lost mutation: You are extremely strong-willed. (Will+++)
                  | [Jiyva's grace]
 34381 | Spider:1 | Lost mutation: You are highly strong-willed. (Will++)
                  | [Jiyva's grace]
 34381 | Spider:1 | Lost mutation: Your body is covered in eyes which may
                  | confuse attackers. (Acc +7, SInv) [Jiyva's grace]
 34381 | Spider:1 | Gained mutation: You have hidden genetic potential.
                  | [Jiyva's grace]
 34381 | Spider:1 | Gained mutation: You have great hidden genetic potential.
                  | [Jiyva's grace]
 34381 | Spider:1 | Gained mutation: Your body is covered in eyes which may
                  | confuse attackers. (Acc +7, SInv) [Jiyva's grace]
 34381 | Spider:1 | Gained mutation: You are completely covered in iridescent
                  | scales. (AC +6) [Jiyva's grace]
 34844 | Spider:2 | Reached XP level 18. HP: 144/151 MP: 18/18
 35411 | Spider:2 | Noticed Arachne
 35425 | Spider:2 | Killed Arachne
 35678 | Spider:2 | Upgraded the game from 0.32-a0-928-g1cae6b7ea0 to
                  | 0.32-a0-931-g5a2cda0630
 35715 | Spider:3 | Lost mutation: You are completely covered in iridescent
                  | scales. (AC +6) [Jiyva's grace]
 35715 | Spider:3 | Lost mutation: Your system is resistant to poisons. (rPois)
                  | [Jiyva's grace]
 35715 | Spider:3 | Lost mutation: Your body is covered in eyes which may
                  | confuse attackers. (Acc +7, SInv) [Jiyva's grace]
 35715 | Spider:3 | Lost mutation: Your body has grown many eyes which may
                  | confuse attackers. (Acc +5) [Jiyva's grace]
 35715 | Spider:3 | Gained mutation: Your system is resistant to poisons.
                  | (rPois) [Jiyva's grace]
 35715 | Spider:3 | Gained mutation: You have a pair of small horns on your
                  | head. [Jiyva's grace]
 35715 | Spider:3 | Gained mutation: You have a pair of horns on your head.
                  | [Jiyva's grace]
 35715 | Spider:3 | Gained mutation: You have a pair of large horns on your
                  | head. [Jiyva's grace]
 36549 | Spider:4 | Entered Level 4 of the Spider Nest
 36551 | Spider:4 | Noticed Agnes
 36561 | Spider:3 | Killed Agnes
 37000 | Spider:4 | Gained mutation: Your natural rate of healing is unusually
                  | fast. [hidden potential]
 37127 | Spider:4 | Got a gossamer rune of Zot
 37224 | Spider:4 | Reached XP level 19. HP: 161/161 MP: 19/19
 37942 | Elf:1    | Entered Level 1 of the Elven Halls
 38828 | Elf:1    | Got the Compilation of the Septic Birds
 39216 | Elf:2    | Gained mutation: Your spells are a little harder to cast,
                  | but a little more powerful. [hidden potential]
 39216 | Elf:2    | Lost mutation: You have great hidden genetic potential.
                  | [hidden potential expressed]
 39269 | Elf:2    | Got Sif Muna's Vellum of Axaxaxas mlö
 39276 | Elf:2    | Got the Encyclopedia of Combed Thunderclap
 39286 | Elf:2    | Got the Catalogue of Sand
 39346 | Elf:2    | Lost mutation: You have a pair of large horns on your head.
                  | [Jiyva's grace]
 39346 | Elf:2    | Lost mutation: You have a pair of horns on your head.
                  | [Jiyva's grace]
 39346 | Elf:2    | Lost mutation: You are mostly covered in iridescent scales.
                  | (AC +4) [Jiyva's grace]
 39346 | Elf:2    | Lost mutation: Your mind is acute. (Int +4, Str/Dex -1)
                  | [Jiyva's grace]
 39346 | Elf:2    | Lost mutation: Your system is resistant to poisons. (rPois)
                  | [Jiyva's grace]
 39346 | Elf:2    | Gained mutation: You passively map a small area around you.
                  | [Jiyva's grace]
 39346 | Elf:2    | Gained mutation: You passively map the area around you.
                  | [Jiyva's grace]
 39346 | Elf:2    | Gained mutation: You passively map a large area around you.
                  | [Jiyva's grace]
 39346 | Elf:2    | Gained mutation: You are highly strong-willed. (Will++)
                  | [Jiyva's grace]
 39373 | Elf:2    | Found a runed translucent gate.
 39373 | Elf:2    | Found a runed translucent gate.
 39374 | Elf:2    | Found a runed translucent gate.
 39534 | Elf:2    | Reached XP level 20. HP: 147/172 MP: 20/20
 39977 | Elf:3    | Entered Level 3 of the Elven Halls
 40307 | Elf:3    | Identified the +6 short sword of Blind Justice {drain,
                  | rPois rN+ SInv}
 40673 | Elf:3    | Identified the ring "Mama" {rPois rC+ Dex+6}
 40740 | Elf:3    | Identified the amulet of Gogot {Acrobat rElec Will+}
 40766 | Elf:3    | Found the +8 pair of quick blades "Gyre" and "Gimble"
                  | {protect}
 40800 | Elf:3    | Identified the amulet of Satisfaction {Acrobat rElec Regen+
                  | rCorr Int+3}
 40815 | Elf:3    | Identified the +2 plate armour "Osucoepn" {Int+3}
 40911 | Elf:3    | Identified the +6 spear "Soes" {spect, Fly}
 41122 | Elf:3    | Gained mutation: You are resistant to electric shocks.
                  | (rElec) [hidden potential]
 41568 | Lair:1   | Acquired the +3 pair of boots of an ice cave {Slay+3}
 41721 | Vaults:1 | Entered Level 1 of the Vaults
 41752 | Vaults:1 | Noticed Saint Roka
 41779 | Vaults:1 | Killed Saint Roka
 41820 | Vaults:1 | Noticed Norris
 41843 | Vaults:1 | Killed Norris
 42031 | Vaults:1 | Found Kib Luli's Jewellery Emporium.
 42032 | Vaults:1 | Lost mutation: Your natural rate of healing is unusually
                  | fast. [Jiyva's grace]
 42032 | Vaults:1 | Gained mutation: You possess an exceptional clarity of
                  | mind. [Jiyva's grace]
 42032 | Vaults:1 | Gained mutation: Your flesh is cold resistant. (rC+)
                  | [Jiyva's grace]
 42032 | Vaults:1 | Gained mutation: Your flesh is very cold resistant. (rC++)
                  | [Jiyva's grace]
 42032 | Vaults:1 | Gained mutation: Your flesh is almost immune to the effects
                  | of cold. (rC+++) [Jiyva's grace]
 42085 | Vaults:1 | Identified the +1 robe "Offokk" {+Inv rN+ Regen+}
 42214 | Vaults:1 | Reached XP level 21. HP: 164/181 MP: 21/21
 42776 | Vaults:2 | Found a magical portal.
 42785 | WizLab   | Entered Doroklohe's Tomb
 43042 | WizLab   | Noticed a dread lich
 43076 | WizLab   | Killed a dread lich
 43157 | WizLab   | Identified the +2 scale mail of Limitation {Slay+4}
 43623 | Vaults:2 | Lost mutation: You are partially covered in iridescent
                  | scales. (AC +2) [Jiyva's grace]
 43623 | Vaults:2 | Lost mutation: Your flesh is almost immune to the effects
                  | of cold. (rC+++) [Jiyva's grace]
 43623 | Vaults:2 | Lost mutation: You are highly strong-willed. (Will++)
                  | [Jiyva's grace]
 43623 | Vaults:2 | Lost mutation: You are strong-willed. (Will+) [Jiyva's
                  | grace]
 43623 | Vaults:2 | Lost mutation: You are resistant to electric shocks.
                  | (rElec) [Jiyva's grace]
 43623 | Vaults:2 | Lost mutation: Your spells are a little harder to cast, but
                  | a little more powerful. [Jiyva's grace]
 43623 | Vaults:2 | Lost mutation: Your body has grown eyes which may confuse
                  | attackers. (Acc +3) [Jiyva's grace]
 43623 | Vaults:2 | Gained mutation: You have a small jelly attached to you
                  | that senses nearby items. [Jiyva's grace]
 43623 | Vaults:2 | Gained mutation: You are covered in slimy tendrils that may
                  | disarm your opponents. [Jiyva's grace]
 43623 | Vaults:2 | Gained mutation: Your system is resistant to poisons.
                  | (rPois) [Jiyva's grace]
 43623 | Vaults:2 | Gained mutation: Your body has grown eyes which may confuse
                  | attackers. (Acc +3) [Jiyva's grace]
 43744 | Vaults:2 | Found the +18 shield of the Gong {Loud rN+ Will+ rCorr
                  | EV-5}
 43760 | Vaults:2 | Noticed Mara
 43776 | Vaults:2 | Killed Mara
 43799 | Vaults:2 | Gained mutation: You have an increased reservoir of magic.
                  | (+10% MP) [hidden potential]
 43799 | Vaults:2 | Lost mutation: You have hidden genetic potential. [hidden
                  | potential expressed]
 43926 | Vaults:2 | Found a staircase to the Crypt.
 44275 | Vaults:3 | Found a runed translucent door.
 44280 | Vaults:3 | Noticed Epirepp's ghost (adept DrSh)
 44640 | Vaults:3 | Identified the +1 cloak of Iptom {+Inv rC+ rCorr}
 45105 | Vaults:3 | Lost mutation: You passively map a large area around you.
                  | [Jiyva's grace]
 45105 | Vaults:3 | Lost mutation: You have a small jelly attached to you that
                  | may absorb projectiles. [Jiyva's grace]
 45105 | Vaults:3 | Gained mutation: You have a pair of horns on your head.
                  | [Jiyva's grace]
 45105 | Vaults:3 | Gained mutation: You have a pair of large horns on your
                  | head. [Jiyva's grace]
 45105 | Vaults:3 | Gained mutation: Your mind is acute. (Int +4, Str/Dex -1)
                  | [Jiyva's grace]
 45105 | Vaults:3 | Gained mutation: Your mind is very acute. (Int +8, Str/Dex
                  | -2) [Jiyva's grace]
 45197 | Vaults:3 | Killed Epirepp's ghost
 45208 | Vaults:3 | Identified the +0 pair of boots of the Rhinotaur {rF+}
 45370 | Vaults:4 | Reached XP level 22. HP: 190/190 MP: 24/24
 45390 | Vaults:4 | Identified the orb of Elyvilon's Vengeance {light, Str+3
                  | Int+2 Stlth+}
 45390 | Vaults:4 | Noticed Frederick
 45418 | Vaults:4 | Killed Frederick
 45461 | Vaults:4 | Noticed Jory
 45502 | Vaults:4 | Noticed Zenata
 45507 | Vaults:4 | Slimified Jory
 45507 | Vaults:4 | Jory changed into Jory the acid blob
 45507 | Vaults:4 | Noticed Jory
 45516 | Vaults:4 | Killed Zenata
 45639 | Vaults:4 | Found a white marble altar of Elyvilon.
 46501 | Vaults:5 | Entered Level 5 of the Vaults
 46501 | Vaults:5 | Lost mutation: Your flesh is very cold resistant. (rC++)
                  | [Jiyva's grace]
 46501 | Vaults:5 | Lost mutation: Your flesh is cold resistant. (rC+) [Jiyva's
                  | grace]
 46501 | Vaults:5 | Lost mutation: You passively map the area around you.
                  | [Jiyva's grace]
 46501 | Vaults:5 | Gained mutation: You expend magic power (3 MP) to
                  | strengthen your wands. [Jiyva's grace]
 46501 | Vaults:5 | Gained mutation: You are partially covered in iridescent
                  | scales. (AC +2) [Jiyva's grace]
 46501 | Vaults:5 | Gained mutation: You are mostly covered in iridescent
                  | scales. (AC +4) [Jiyva's grace]
 46501 | Vaults:5 | Gained mutation: You are completely covered in iridescent
                  | scales. (AC +6) [Jiyva's grace]
 46734 | Vaults:5 | Identified the +5 hand axe of Chaos {freeze, Fly Int+2
                  | SInv}
 46747 | Vaults:5 | Noticed a dread lich
 46758 | Vaults:5 | Killed a dread lich
 46777 | Vaults:5 | Noticed a golden dragon
 46793 | Vaults:5 | Killed a golden dragon
 46825 | Vaults:5 | Got the Discourse on the Lethal Flock
 47005 | Vaults:5 | Got the Secrets of Unfortunate Glaciation
 47090 | Vaults:5 | Identified the amulet of Existentialism {Faith rPois
                  | Regen+}
 47146 | Vaults:5 | Noticed an ancient lich
 47160 | Vaults:5 | Killed an ancient lich
 47211 | Vaults:5 | Noticed an ancient lich
 47211 | Vaults:5 | Noticed an ancient lich
 47267 | Vaults:5 | Killed an ancient lich
 47268 | Vaults:5 | Reached XP level 23. HP: 152/200 MP: 25/25
 47274 | Vaults:5 | Killed an ancient lich
 47294 | Vaults:5 | Identified the ring "Bog Qent" {Wiz rPois rN++ Will+ Dex-3}
 47605 | Vaults:5 | Got a silver rune of Zot
 47607 | Vaults:5 | Identified the +1 robe of the Ikuchi {Dex+3 Archmagi}
 47882 | Vaults:5 | Noticed a golden dragon
 47895 | Vaults:5 | Killed a golden dragon
 47921 | Vaults:5 | Got Girphus's Opusculum on Gusty Combustion
 47923 | Vaults:5 | Identified the +0 scale mail of Xaixab {rCorr Str+4}
 47933 | Vaults:5 | Identified the +0 plate armour of the Worm {rPois rF++ rN+
                  | Int-4}
 47936 | Vaults:5 | Identified the +0 kite shield "Gegg" {+Inv SInv}
 47942 | Vaults:5 | Identified the +2 falchion "Loiptil" {freeze, Int+3}
 47983 | Vaults:5 | Got the Vellum of Lofty Black Rituals
 48001 | Vaults:5 | Identified the +0 buckler of Inevitability {Will- rCorr
                  | Slay-3 Stlth+}
 48963 | Crypt:1  | Entered Level 1 of the Crypt
 49237 | Crypt:1  | Reached skill level 27 in Evocations
 49430 | Crypt:1  | Paralysed by a vampire knight for 2 turns
 49461 | Crypt:1  | Got the Opusculum on the Overcast Vertex
 49950 | Crypt:2  | Noticed Vv
 50102 | Crypt:2  | Killed Vv
 50323 | Crypt:2  | Lost mutation: You have a pair of large horns on your head.
                  | [Jiyva's grace]
 50323 | Crypt:2  | Lost mutation: You are completely covered in iridescent
                  | scales. (AC +6) [Jiyva's grace]
 50323 | Crypt:2  | Lost mutation: You passively map a small area around you.
                  | [Jiyva's grace]
 50323 | Crypt:2  | Lost mutation: Your system is resistant to poisons. (rPois)
                  | [Jiyva's grace]
 50323 | Crypt:2  | Lost mutation: Your body has grown eyes which may confuse
                  | attackers. (Acc +3) [Jiyva's grace]
 50323 | Crypt:2  | Lost mutation: You have a small jelly attached to you that
                  | senses nearby items. [Jiyva's grace]
 50323 | Crypt:2  | Gained mutation: Your flesh is cold resistant. (rC+)
                  | [Jiyva's grace]
 50323 | Crypt:2  | Gained mutation: Your flesh is very cold resistant. (rC++)
                  | [Jiyva's grace]
 50323 | Crypt:2  | Gained mutation: Your flesh is almost immune to the effects
                  | of cold. (rC+++) [Jiyva's grace]
 50323 | Crypt:2  | Gained mutation: You are completely covered in iridescent
                  | scales. (AC +6) [Jiyva's grace]
 50584 | Crypt:2  | Found the +8 longbow "Zephyr" {speed, Dex+3 SInv}
 50791 | Crypt:3  | Entered Level 3 of the Crypt
 50845 | Crypt:3  | Identified the +3 robe "Xelymp" {-Tele Harm +Inv rN+++}
 50845 | Crypt:3  | Noticed Boris
 51195 | Depths:1 | Entered Level 1 of the Depths
 51466 | Depths:1 | Reached XP level 24. HP: 165/198 MP: 25/25
 51610 | Depths:1 | Found a sacrificial altar of Ru.
 51797 | Depths:1 | Found a one-way gate leading to the halls of Pandemonium.
 51902 | Depths:1 | Found a white marble altar of Elyvilon.
 51942 | Depths:1 | Paralysed by a vampire knight for 4 turns
 51963 | Depths:1 | Found a gateway to Hell.
 52968 | Depths:2 | Identified the +4 flail of Revolt {elec, rF- Dex+5 SInv}
 53341 | Depths:3 | Killed Velavy's ghost
 53369 | Depths:3 | Lost mutation: You have a pair of horns on your head.
                  | [Jiyva's grace]
 53369 | Depths:3 | Lost mutation: You are completely covered in iridescent
                  | scales. (AC +6) [Jiyva's grace]
 53369 | Depths:3 | Lost mutation: You are mostly covered in iridescent scales.
                  | (AC +4) [Jiyva's grace]
 53369 | Depths:3 | Lost mutation: Your mind is very acute. (Int +8, Str/Dex
                  | -2) [Jiyva's grace]
 53369 | Depths:3 | Gained mutation: Your translucent skin slightly reduces
                  | your foes' accuracy. (Stealth+) [Jiyva's grace]
 53369 | Depths:3 | Gained mutation: Your translucent skin reduces your foes'
                  | accuracy. (Stealth+) [Jiyva's grace]
 53369 | Depths:3 | Gained mutation: Your transparent skin significantly
                  | reduces your foes' accuracy. (Stealth+) [Jiyva's grace]
 53369 | Depths:3 | Gained mutation: You are somewhat resistant to further
                  | mutation. [Jiyva's grace]
 53623 | Depths:3 | Found the +5 demon whip "Spellbinder" {antimagic, disrupt,
                  | Will+}
 53762 | Depths:3 | Paralysed by a sphinx for 3 turns
 53833 | Depths:3 | Identified the staff "Rajeff" {+Blink Air Earth}
 53854 | Depths:3 | Got Copnupp's Compendium of Metamorphic Conjury
 53892 | Depths:3 | Noticed a juggernaut
 53902 | Depths:3 | Killed a juggernaut
 54109 | Depths:3 | Found a runed translucent gate.
 54109 | Depths:3 | Found a runed translucent gate.
 54109 | Depths:3 | Found a runed translucent gate.
 54113 | Depths:3 | Found a viscous altar of Jiyva.
 54140 | Depths:3 | You fall into a shaft and drop 1 floor!
 54140 | Depths:4 | Entered Level 4 of the Depths
 54559 | Depths:3 | Identified the +6 flail "Tyeho" {pain, rF+ rN+ Int-5
                  | Stlth+}
 54936 | Depths:4 | Reached XP level 25. HP: 212/219 MP: 8/25
 54993 | Depths:4 | Found a gate to the Realm of Zot.
 55179 | Depths:4 | Found a one-way gateway to a ziggurat.
 56114 | Crypt:3  | Killed Boris
 56170 | Crypt:3  | Noticed Margery
 56193 | Crypt:3  | Killed Margery
 56271 | Crypt:3  | Found a staircase to the Tomb.
 56285 | Crypt:3  | Got the Incunable of Skeletons
 56484 | Crypt:3  | Found an ancient bone altar of Kikubaaqudgha.
 56484 | Crypt:3  | Noticed an ancient lich
 56488 | Crypt:3  | Killed an ancient lich
 56494 | Crypt:3  | Lost mutation: You are partially covered in iridescent
                  | scales. (AC +2) [Jiyva's grace]
 56494 | Crypt:3  | Lost mutation: You possess an exceptional clarity of mind.
                  | [Jiyva's grace]
 56494 | Crypt:3  | Lost mutation: Your mind is acute. (Int +4, Str/Dex -1)
                  | [Jiyva's grace]
 56494 | Crypt:3  | Lost mutation: Your flesh is almost immune to the effects
                  | of cold. (rC+++) [Jiyva's grace]
 56494 | Crypt:3  | Lost mutation: You have an increased reservoir of magic.
                  | (+10% MP) [Jiyva's grace]
 56494 | Crypt:3  | Lost mutation: Your transparent skin significantly reduces
                  | your foes' accuracy. (Stealth+) [Jiyva's grace]
 56494 | Crypt:3  | Gained mutation: Your body has grown eyes which may confuse
                  | attackers. (Acc +3) [Jiyva's grace]
 56494 | Crypt:3  | Gained mutation: Your body has grown many eyes which may
                  | confuse attackers. (Acc +5) [Jiyva's grace]
 56494 | Crypt:3  | Gained mutation: Your body is covered in eyes which may
                  | confuse attackers. (Acc +7, SInv) [Jiyva's grace]
 56494 | Crypt:3  | Gained mutation: You possess an exceptional clarity of
                  | mind. [Jiyva's grace]
 56522 | Crypt:3  | Got the Precepts of Radiant Debased Deeds
 56724 | Crypt:3  | Noticed a royal mummy
 56728 | Crypt:3  | Noticed a royal mummy
 56745 | Crypt:3  | Noticed Khufu
 57203 | Zot:1    | Entered Level 1 of the Realm of Zot
 57228 | Zot:1    | Noticed an orb of fire
 57238 | Zot:1    | Killed an orb of fire
 57664 | Zot:1    | Identified the +3 mace of Armageddon {pain, rElec rN++}
 58456 | Zot:2    | Reached XP level 26. HP: 200/229 MP: 7/23
 58762 | Zot:2    | Found a transporter.
 58773 | Zot:2    | Found a transporter.
 59187 | Zot:2    | Lost mutation: You have a pair of small horns on your head.
                  | [Jiyva's grace]
 59187 | Zot:2    | Lost mutation: You possess an exceptional clarity of mind.
                  | [Jiyva's grace]
 59187 | Zot:2    | Lost mutation: Your body is covered in eyes which may
                  | confuse attackers. (Acc +7, SInv) [Jiyva's grace]
 59187 | Zot:2    | Lost mutation: Your translucent skin reduces your foes'
                  | accuracy. (Stealth+) [Jiyva's grace]
 59187 | Zot:2    | Lost mutation: You expend magic power (3 MP) to strengthen
                  | your wands. [Jiyva's grace]
 59187 | Zot:2    | Gained mutation: You are resistant to electric shocks.
                  | (rElec) [Jiyva's grace]
 59187 | Zot:2    | Gained mutation: You have a pair of small horns on your
                  | head. [Jiyva's grace]
 59187 | Zot:2    | Gained mutation: You have a pair of horns on your head.
                  | [Jiyva's grace]
 59187 | Zot:2    | Gained mutation: You have a pair of large horns on your
                  | head. [Jiyva's grace]
 59611 | Zot:3    | Identified the +1 pair of boots "Ywavif" {Str+4}
 59946 | Zot:3    | You fall into a shaft and drop 1 floor!
 60988 | Zot:4    | Noticed an orb of fire
 61000 | Zot:4    | Killed an orb of fire
 61001 | Zot:4    | Reached skill level 27 in Armour
 61467 | Depths:3 | Voluntarily entered the Abyss.
 61467 | Abyss:1  | Lost mutation: Your flesh is very cold resistant. (rC++)
                  | [Jiyva's grace]
 61467 | Abyss:1  | Gained mutation: You are covered in fur. (AC +1) [Jiyva's
                  | grace]
 61467 | Abyss:1  | Gained mutation: You are covered in thick fur. (AC +2)
                  | [Jiyva's grace]
 61467 | Abyss:1  | Gained mutation: Your thick and shaggy fur keeps you warm.
                  | (AC +3, rC+) [Jiyva's grace]
 61467 | Abyss:1  | Gained mutation: Your movements are slightly less
                  | encumbered by armour. (ER -2) [Jiyva's grace]
 61901 | Abyss:3  | Got the Reference Book on the Deep Freeze
 62023 | Abyss:3  | Reached XP level 27. HP: 240/240 MP: 7/23
 62036 | Abyss:4  | Found a corrupted altar of Lugonu.
 62044 | Abyss:4  | Found a corrupted altar of Lugonu.
 62056 | Abyss:4  | Lost mutation: You have a pair of large horns on your head.
                  | [Jiyva's grace]
 62056 | Abyss:4  | Lost mutation: Your flesh is cold resistant. (rC+) [Jiyva's
                  | grace]
 62056 | Abyss:4  | Lost mutation: Your thick and shaggy fur keeps you warm.
                  | (AC +3, rC+) [Jiyva's grace]
 62056 | Abyss:4  | Lost mutation: You are resistant to electric shocks.
                  | (rElec) [Jiyva's grace]
 62056 | Abyss:4  | Lost mutation: Your body has grown many eyes which may
                  | confuse attackers. (Acc +5) [Jiyva's grace]
 62056 | Abyss:4  | Lost mutation: Your translucent skin slightly reduces your
                  | foes' accuracy. (Stealth+) [Jiyva's grace]
 62056 | Abyss:4  | Lost mutation: Your melee attacks may engulf your foes in
                  | ooze. [Jiyva's grace]
 62056 | Abyss:4  | Gained mutation: You have a pair of large horns on your
                  | head. [Jiyva's grace]
 62056 | Abyss:4  | Gained mutation: You are partially covered in iridescent
                  | scales. (AC +2) [Jiyva's grace]
 62056 | Abyss:4  | Gained mutation: You are mostly covered in iridescent
                  | scales. (AC +4) [Jiyva's grace]
 62056 | Abyss:4  | Gained mutation: You are completely covered in iridescent
                  | scales. (AC +6) [Jiyva's grace]
 62157 | Abyss:4  | Found a corrupted altar of Lugonu.
 62235 | Abyss:4  | Found a shimmering altar of Xom.
 62244 | Abyss:4  | Got an abyssal rune of Zot
 62277 | Abyss:4  | Found a corrupted altar of Lugonu.
 62387 | Depths:3 | Escaped the Abyss
 62499 | Zot:5    | Entered Level 5 of the Realm of Zot
 62657 | Zot:5    | Noticed an orb of fire
 62679 | Zot:5    | Gained mutation: You are vulnerable to heat. (rF-) [an orb
                  | of fire]
 62695 | Zot:5    | Killed an orb of fire
 63414 | Zot:5    | Gained mutation: You occasionally lose the ability to drink
                  | potions when taking damage. [mutagenic glow]
 63459 | Zot:5    | Gained mutation: You sometimes lose the ability to drink
                  | potions when taking damage. [mutagenic glow]
 63730 | Zot:5    | Noticed an orb of fire
 63753 | Zot:5    | Killed an orb of fire
 63799 | Zot:5    | Noticed a dread lich
 63805 | Zot:5    | Noticed a dread lich
 63943 | Zot:5    | Killed a dread lich
 63973 | Zot:5    | Noticed a dread lich
 63984 | Zot:5    | Killed a dread lich
 64010 | Zot:5    | Noticed an orb of fire
 64010 | Zot:5    | Gained mutation: You are frail. (-10% HP) [an orb of fire]
 64029 | Zot:5    | Killed an orb of fire
 64092 | Zot:5    | Got the Orb of Zot
 64277 | Depths:3 | Gained mutation: Your body sometimes deteriorates upon
                  | taking damage. [a neqoxec]
 64712 | D:$      | Escaped with the Orb!

Illustrated notes

Levels and vault maps discovered:
D:1:      orjb1_lava_funnel, layout_loops_corners,
          hellmonk_ecumenical_altar_prayer_group, serial_shops,
          nicolae_shop_mannequins, serial_bayou, serial_bayou_pond_a,
          serial_bayou_pond_e, serial_bayou_pond_e, serial_bayou_crossing
D:2:      layout_loops_ring, serial_shops, nicolae_shop_tiny_real_fake_doors,
          shop, nicolae_shop_bloodbath_and_beyond,
          nicolae_shop_temple_entry_statues_fountains, shop_statue,
          nicolae_concentric_dashed_squares_mild,
          chequers_serial_rivers_large_b, reono_crystal_passage, uniq_robin,
          uniq_jessica
D:3:      layout_loops_ring, nicolae_eternal_life, grunt_decor_arrowhead,
          corner_web_ring, minmay_strange_pillars, hangedman_feature_mirror,
          uniq_terence
D:4:      layout_loops_ring, cheibrodos_worm_habitat, serial_shops, shop,
          nicolae_shop_just_a_little_nook, kennysheep_mini, shop, shop
D:5:      layout_rooms, lemuel_tele_altar, lemuel_blue_sif_altar
D:6:      layout_loops_ring, minmay_temple_entry_poolview
D:7:      layout_basic, nicolae_dithmenos_the_darkroom
D:8:      layout_loops_corners, nicolae_kikubaaqudgha_miasma_corner,
          hangedman_decor_riveting, minmay_strange_pillars, uniq_jeremiah,
          uniq_grum
D:9:      layout_roguey, hellmonk_lair_entry_icy, gammafunk_ghost_hydra_chop,
          grunt_ministairs_8, uniq_pikel
D:10:     layout_irregular_city, mainiacjoe_overflow_surrounded_room,
          grunt_gozag_statues, nemelex_diamond_rough_becter,
          nicolae_trove_entry_diagonal
D:11:     layout_rooms, david_orc_3, dreamdust_gnoll_shepherd
D:12:     layout_cross, portal_ice_cave_rime, serial_column_ruins,
          column_ruins_square_large, column_ruins_temple_hut,
          column_ruins_open_small, column_ruins_grid_1,
          column_ruins_corridor_plus, column_ruins_columns_straight,
          column_ruins_open_medium, grunt_decor_cap, minivault_10,
          kennysheep_generic_room_11, uniq_nessos, uniq_josephine
D:13:     layout_basic, hellmonk_vaults_order_and_chaos, uniq_snorg
D:14:     layout_layer_cave, gauntlet_entry_generic, serial_park_square1
          [serial_park_minivault_5x5_2]
D:15:     gammafunk_enter_depths_forms, layout_loops_ring, serial_rivers,
          chequers_serial_rivers_small_b, chequers_serial_rivers_micro_c,
          chequers_serial_rivers_small_b, chequers_serial_rivers_micro_d,
          minivault_4, uniq_roxanne
Temple:   compressed_dpeg_circular_temple
Lair:1:   layout_big_grid, st_stairs_6, dpeg_stationary_puzzle,
          grunt_megastairs_4
Lair:2:   layout_regular_city, spider_nest_entry_rubble,
          bobbens_dragon_lair_wall, infiniplex_staircase_pool,
          grunt_megastairs_1
Lair:3:   layout_chaotic_city, swamp_mist, nicolae_volcano_entry_s_turn
Lair:4:   layout_regular_city, minmay_slime_entry_jelly_boxes
Lair:5:   hellmonk_lair_end_abyssal_woods, layout_misc_corridors
Swamp:1:  layout_falls_marsh, hangedman_swamp_pad, nicolae_swamp_long_stream
Swamp:2:  layout_basic_swamp, evilmike_swamp_ruin_house_2, swamp_pool_1_2
Swamp:3:  layout_basic_swamp, nicolae_swamp_treefoil, swamp_pool_3,
          nicolae_swamp_tree_isthmus, uniq_donald, uniq_bai_suzhen
Swamp:4:  swamp_old_school, layout_basic_swamp, swamp_pool_5
Spider:1: layout_spider_delve, uniq_nikola, uniq_azrael, uniq_louise
Spider:2: nicolae_spider_hilbert_zone_2 [nicolae_spider_hilbert_4_sides_1_open,
          nicolae_spider_hilbert_4_sides_1_open,
          nicolae_spider_hilbert_4_sides_1_open,
          nicolae_spider_hilbert_4_sides_1_open,
          nicolae_spider_hilbert_6_sides_1_open,
          nicolae_spider_hilbert_6_sides_1_open,
          nicolae_spider_hilbert_3_sides_1_open,
          nicolae_spider_hilbert_3_sides_1_open,
          nicolae_spider_hilbert_3_sides_1_open,
          nicolae_spider_hilbert_3_sides_1_open,
          nicolae_spider_hilbert_6_sides_1_open,
          nicolae_spider_hilbert_6_sides_1_open,
          nicolae_spider_hilbert_6_sides_1_open,
          nicolae_spider_hilbert_6_sides_1_open], uniq_arachne
Spider:3: layout_cave_pods, nicolae_spider_swamp_cousins
Spider:4: grunt_spider_rune_circles, uniq_agnes
Slime:1:  layout_caves
Slime:2:  layout_caves
Slime:3:  layout_caves
Slime:4:  layout_caves
Slime:5:  slime_pit_nicolae_inversion
Orc:1:    layout_caves, serial_shops, shop, hangedman_minor_magic, uniq_erica
Orc:2:    kennysheep_orc_mage_school, layout_caves, mines5_lemuel
Elf:1:    eino_elf_arrival_the_gate, layout_geoelf_diagonals, evilmike_minifort
Elf:2:    nicolae_elf_blades_splatter_lattice
          [nicolae_blade_entry_crossed_weapons], layout_geoelf_grid,
          bh_hangedman_babel_library
Elf:3:    minmay_elf_hall_four_x, layout_gridlike
Vaults:1: nicolae_vaults_swerve, vaults_room_large_hall,
          ontoclasm_vaults_gateway, nicolae_vaults_weapon_check,
          nicolae_vaults_house_1, vaults_room_fancy_cross,
          hangedman_vaults_snaps, nicolae_vaults_alarming, v_misc_30,
          layout_vaults_ring, serial_shops, shop, uniq_saint_roka, uniq_norris
Vaults:2: mu_enter_wizlab_4, nicolae_vaults_trapezoid_2,
          nicolae_vaults_bisected_exclaves, nicolae_vaults_double_plus_1,
          blue_anna_dwarven_crypt, nicolae_vaults_house_2,
          hellmonk_guarded_unrand_gong, ontoclasm_vaults_loading_screen,
          nicolae_vaults_surprise_closet, vaults_dpeg_encased_lava,
          nicolae_vaults_ninety_degrees, nicolae_vaults_double_plus_2,
          layout_vaults_omnibox, uniq_mara
Vaults:3: hellmonk_ghost_big_iron, nicolae_vaults_minivaults,
          nicolae_vaults_closet_pinwheel_5, v_misc_11, v_alt_pattern_1,
          nicolae_vaults_diamond_1, nicolae_vaults_closet_pinwheel_3, v_misc_2,
          nicolae_vaults_heart-shaped_vault, nicolae_vaults_house_3,
          nicolae_vaults_specimen_jars, nicolae_vaults_variable_pillar_hall,
          layout_vaults_big_cross
Vaults:4: v_misc_19, ontoclasm_vaults_ring_large, hangedman_vaults_maws,
          lemuel_angel_altar, nicolae_vaults_double_plus_1, vaults_room_fours,
          layout_vaults_chaotic_city, uniq_zenata, uniq_jory, uniq_frederick
Vaults:5
Crypt:1:  layout_misc_corridors, grunt_ministairs_7, uniq_grunn
Crypt:2:  layout_rooms, serial_sigils, serial_sigils_hangedman_stare,
          serial_sigils_hangedman_etch, serial_sigils_hangedman_gut,
          serial_sigils_hangedman_quiver, nicolae_crypt_reliquary_box, uniq_vv
Crypt:3:  cryptofortress_bobbens, uniq_margery, uniq_khufu, uniq_boris,
          uniq_xtahua
Depths:1: layout_gridlike, hell_entry, rand_demon_pan_entry_8,
          nicolae_elyvilon_temple_path, abandoned_shop, nicolae_ru_awakened_eye,
          kennysheep_cross_landing
Depths:2: evilmike_marble_ring, layout_basic, minmay_misc_feat_five,
          serial_glass, glass_columns_c, glass_columns_a, pan_entry,
          pf_hell_entry_tar_spiral
Depths:3: grunt_double_whammy, layout_gridlike, minmay_misc_feat_hallway,
          gammafunk_ghost_ooze, abyss_entry_small_statue_room,
          grunt_hell_entry_dis_grunt, minmay_swirly_circle
Depths:4: grunt_x_marks_the_spot, layout_basic, enter_ziggurat_e,
          hangedman_coc_ice_floe, hangedman_decor_diamond_cutter,
          serial_sigils_hangedman_quiver
Zot:1:    gammafunk_mikee_crab_dinner, layout_misc_corridors
Zot:2:    gammafunk_sealed_arena, layout_gridlike
Zot:3:    layout_gridlike, bh_zot_ikea_curve, zot_minivault_4,
          grunt_megastairs_3
Zot:4:    layout_gridlike, regret_index_zotdec_glowing_original
Zot:5:    layout_onion, gammafunk_ghost_crypt

Skill      XL: |  1  2  3  4  5  6  7  8  9 10 11 12 13 14 15 16 17 18 19 20 21 22 23 24 25 26 27 |
---------------+----------------------------------------------------------------------------------+-----
Maces & Flails | 1 2 3 4 5 6 8 10 12 14 15 16 17 18 19 21 | 21.2
Armour         | 3 6 8 10 13 14 15 16 17 18 19 21 22 23 24 26 27 | 27.0
Fighting       | 3 6 8 10 11 12 14 16 17 18 19 20 21 22 23 24 25 | 25.9
Evocations     | 5 9 11 14 15 16 18 20 22 24 26 27 | 27.0
Dodging        | |  0.8
Stealth        | |  0.7

Action                     |  1- 3 |  4- 6 |  7- 9 | 10-12 | 13-15 | 16-18 | 19-21 | 22-24 | 25-27 || total
---------------------------+-------+-------+-------+-------+-------+-------+-------+-------+-------++-------
  Melee: Club              |    49 |       |       |       |       |       |       |       |       ||    49
         Dagger            |     7 |       |       |       |       |       |       |       |       ||     7
         Whip              |    49 |    68 |   146 |   481 |   470 |       |       |       |       ||  1214
         Mace              |     3 |    78 |   148 |   502 |   477 |       |       |       |       ||  1208
         Pseudopods        |       |       |       |       |   161 |    10 |       |       |       ||   171
         Morningstar       |       |       |       |       |   360 |   676 |   258 |   450 |   559 ||  2303
         Eveningstar       |       |       |       |       |   334 |   660 |  1212 |  1434 |   550 ||  4190
         Flail             |       |       |       |       |     6 |       |       |       |       ||     6
         Headbutt          |       |       |       |       |       |    77 |   272 |   415 |   521 ||  1285
         Demon whip        |       |       |       |       |       |       |       |   162 |  1071 ||  1233
 Invoke: Oozemancy         |       |       |       |       |     1 |     1 |       |     6 |     5 ||    13
         Slimify           |       |       |       |       |       |       |       |     1 |     1 ||     2
Ability: Invent Gizmo      |       |       |       |       |     1 |       |       |       |       ||     1
  Evoke: Wand              |     1 |     4 |    20 |    32 |    19 |    22 |     7 |     2 |    20 ||   127
         Condenser vane    |       |       |       |     1 |     3 |     1 |     2 |     2 |     3 ||    12
         Phantom mirror    |       |       |       |       |       |     2 |       |     2 |     2 ||     6
         Sack of spiders   |       |       |       |       |       |     1 |     2 |     2 |     2 ||     7
         Lightning rod     |       |       |       |       |       |       |       |       |     6 ||     6
    Use: Potion            |       |     1 |     2 |     2 |     7 |     3 |     5 |     3 |     8 ||    31
         Scroll            |       |       |    18 |     4 |    13 |     4 |     5 |    12 |    22 ||    78
   Stab: Sleeping          |     2 |       |       |       |     1 |       |       |       |       ||     3
         Invisible         |       |       |       |     8 |     1 |       |       |     3 |     3 ||    15
         Confused          |       |       |       |       |       |    36 |    10 |     1 |    21 ||    68
         Distracted        |       |       |       |       |       |     2 |     3 |     2 |       ||     7
         Held in net/web   |       |       |       |       |       |       |     1 |       |       ||     1
         Paralysed         |       |       |       |       |       |       |       |     1 |       ||     1
 Armour: Leather armour    |    20 |       |    50 |   325 |   442 |       |       |       |       ||   837
         Scale mail        |    15 |    72 |    78 |       |       |       |       |       |       ||   165
         Skin              |       |       |       |       |    11 |       |       |       |       ||    11
         Ice dragon scales |       |       |       |       |   424 |    43 |       |       |       ||   467
         Troll leather arm |       |       |       |       |    52 |       |       |       |       ||    52
         Chain mail        |       |       |       |       |       |  1239 |  1013 |  1132 |       ||  3384
         Gold dragon scale |       |       |       |       |       |       |       |   230 |  1244 ||  1474
         Plate armour      |       |       |       |       |       |       |       |       |    58 ||    58
  Dodge: Dodged            |    26 |    29 |    73 |   233 |   404 |   392 |   260 |   333 |   286 ||  2036

Table legend: (Time is in decaauts)
 A = Elapsed time spent in this place.
 B = Non-inter-level travel time spent in this place.
 C = Inter-level travel time spent in this place.
 D = Time resting spent in this place.
 E = Time spent auto-exploring this place.
 F = Levels seen in this place.
 G = Mean time per level.
                   A        B        C        D        E       F      G
               +--------+--------+--------+--------+--------+-----+--------+
         Total |  63970 |  56865 |   7105 |   6834 |  26356 |  63 | 1015.4 |
       Dungeon |  17418 |  14669 |   2749 |   2112 |   8984 |  15 | 1161.2 |
        Temple |     59 |      0 |     59 |      0 |      0 |   1 |   59.0 |
          Lair |  10459 |   9573 |    886 |   3669 |   3264 |   5 | 2091.8 |
         Swamp |   3142 |   2914 |    228 |     39 |   1478 |   4 |  785.5 |
   Spider Nest |   3662 |   3489 |    173 |     31 |   1958 |   4 |  915.5 |
    Slime Pits |   1141 |   1043 |     98 |      0 |    876 |   5 |  228.2 |
  Orcish Mines |   2265 |   1783 |    482 |    151 |    613 |   2 | 1132.5 |
   Elven Halls |   3408 |   3210 |    198 |     21 |   1442 |   3 | 1136.0 |
        Vaults |   6732 |   5595 |   1137 |     53 |   2876 |   5 | 1346.4 |
         Crypt |   2711 |   2539 |    172 |    123 |    863 |   3 |  903.7 |
        Depths |   4629 |   4182 |    447 |     39 |   2271 |   4 | 1157.2 |
           Zot |   5799 |   5324 |    475 |    521 |   1622 |   5 | 1159.8 |
         Abyss |    848 |    848 |      0 |     64 |      0 |   4 |  212.0 |
      Ice Cave |    682 |    682 |      0 |      9 |     55 |   1 |  682.0 |
        Wizlab |    404 |    404 |      0 |      0 |     46 |   1 |  404.0 |
      Gauntlet |    603 |    603 |      0 |      0 |      5 |   1 |  603.0 |
               +--------+--------+--------+--------+--------+-----+--------+

Top non-repeatable levels by time:
  Lair:2: 3588 daAuts
  Lair:4: 2176 daAuts
     D:9: 2103 daAuts
  Lair:3: 1981 daAuts
   Orc:2: 1897 daAuts
Vaults:5: 1803 daAuts
     D:8: 1633 daAuts
     D:7: 1581 daAuts
  Lair:1: 1539 daAuts
   Zot:5: 1471 daAuts
Depths:3: 1397 daAuts
   Elf:3: 1290 daAuts
Vaults:4: 1285 daAuts
   Zot:2: 1248 daAuts
 Swamp:4: 1245 daAuts
